 Dungeon Crawl Stone Soup version 0.30-a0-719-gcc4359ea44 (webtiles) character file.

Game seed: 5379233850872700507

151 IdlyInterested the Cutter (level 5, -2/38 HPs)
             Began as a Demonspawn Gladiator on Jan 26, 2023.
             Slain by a black bear (5 damage)
             ... on level 4 of the Dungeon.
             The game lasted 00:08:21 (3789 turns).

IdlyInterested the Cutter (Demonspawn Gladiator)    Turns: 3789, Time: 00:08:21

Health: -2/38      AC: 12    Str: 14    XL:     5   Next: 10%
Magic:  5/5        EV: 11    Int: 10    God:
Gold:   172        SH:  0    Dex: 16    Spells: 4/4 levels left

rFire   . . .      SeeInvis .    a - +0 rapier
rCold   . . .      Faith    .    (no shield)
rNeg    . . .      Spirit   .    l - +1 ring mail
rPois   .          Reflect  .    c - +0 helmet
rElec   .          Harm     .    (no cloak)
rCorr   .          Rampage  .    (no gloves)
Will    .....                    j - +2 pair of boots {Fly}
Stlth   +                        (no amulet)
HPRegen 0.26/turn                (no ring)
MPRegen 0.18/turn                (no ring)

@: flying
A: thin metallic scales 1, magic regeneration
a: no special abilities


You were on level 4 of the Dungeon.
You visited 1 branch of the dungeon, and saw 4 of its levels.

You collected 172 gold pieces.

Inventory:

Hand Weapons
 a - a +0 rapier (weapon)
Missiles
 d - 3 throwing nets
 e - a javelin
 f - 20 stones
 k - 9 poisoned darts (quivered)
Armour
 c - a +0 helmet (worn)
 j - a +2 pair of boots of flying (worn)
 l - a +1 ring mail (worn)
Scrolls
 o - a scroll of teleportation {unknown}
Potions
 b - 4 potions of lignification {unknown}
 g - a potion of flight
 h - a potion of brilliance
 i - a potion of haste
 m - a potion of heal wounds
 n - a potion of curing
 q - 2 potions of degeneration {unknown}
 r - a potion of magic {unknown}
 s - a potion of berserk rage


   Skills:
 - Level 2.0 Fighting
 * Level 4.6 Short Blades
 - Level 1.7 Throwing
 - Level 3.0 Dodging
 + Level 2.1 Stealth


You had 4 spell levels left.
You didn't know any spells.
Your spell library contained the following spells:

 Spells                   Type           Power      Damage    Failure   Level
 Freeze                   Ice            0%         1d3       61%         1
 Blink                    Tloc           0%         N/A       75%         2
 Lesser Beckoning         Tloc           0%         N/A       75%         2
 Momentum Strike          Conj/Tloc      0%         3d8       75%         2
 Frozen Ramparts          Ice            0%         1d1       93%         3
 Hailstorm                Conj/Ice       0%         3d3       93%         3
 Ozocubu's Armour         Ice            0%         N/A       93%         3
 Ozocubu's Refrigeration  Ice            0%         4d7       100%        7


Dungeon Overview and Level Annotations

Branches:
Dungeon (4/15)
 Temple: D:4-7

Altars:
Ashenzari
Hepliaklqana
Wu Jian

Shops:
D:3 =


Innate Abilities, Weirdness & Mutations

You are partially covered in thin metallic scales. (AC +2)
You regenerate magic rapidly.


Message History

The black bear is heavily wounded.
The black bear bites you but does no damage.
The black bear claws you but does no damage.
The black bear claws you.
You barely miss the black bear.
The black bear is heavily wounded.
The black bear bites you but does no damage.
The black bear closely misses you. x2
You hit the black bear.
The black bear is severely wounded.
The black bear goes berserk!
You hit the black bear.
The black bear is severely wounded.
The black bear bites you. The black bear claws you. x2
The black bear bites you but does no damage.
The black bear claws you but does no damage.
The black bear claws you.
You hit the black bear.
The black bear is almost dead.
The black bear bites you.
The black bear claws you but does no damage.
The black bear claws you.
You hit the black bear.
The black bear is almost dead.
The black bear bites you. The black bear barely misses you.
The black bear claws you but does no damage.
The black bear bites you.
The black bear claws you but does no damage.
The black bear claws you.
You hit the black bear but do no damage.
The black bear is almost dead.
The black bear bites you!
* * * LOW HITPOINT WARNING * * *
The black bear claws you but does no damage. x2
You hit the black bear.
The black bear is almost dead.
The black bear bites you!
* * * LOW HITPOINT WARNING * * *
The black bear barely misses you. The black bear claws you.
You die...

. . # # #..
#...#
.....?#######.#
.......<.@h...#
....[.#########
#...# #.. #


You could see a black bear (berserk).

Vanquished Creatures
  A hound (D:4)
  3 adders (D:3)
  3 worms
  3 dart slugs
  10 orcs (D:3)
  3 endoplasms
  5 giant cockroaches
  8 hobgoblins
  8 kobolds
  5 quokkas
  4 ball pythons
  2 bats
  A frilled lizard (D:3)
  6 goblins
  8 rats
70 creatures vanquished.

Vanquished Creatures (others)
  A plant (D:4)
1 creature vanquished.

Grand Total: 71 creatures vanquished

Notes
Turn   | Place    | Note
-------+----------+-------------------------------------------
     0 | D:1      | IdlyInterested the Demonspawn Gladiator began the quest for
                  | the Orb.
     0 | D:1      | Reached XP level 1. HP: 16/16 MP: 1/1
   161 | D:1      | Reached skill level 3 in Short Blades
   425 | D:1      | Gained mutation: You are partially covered in thin metallic
                  | scales. (AC +2) [demonic ancestry]
   425 | D:1      | Reached XP level 2. HP: 16/22 MP: 2/2
  1458 | D:2      | Found a faded altar of an unknown god.
  1462 | D:2      | Reached XP level 3. HP: 27/27 MP: 3/3
  1468 | D:2      | Found an ornate altar of the Wu Jian Council.
  2518 | D:3      | Found a broken altar of Ashenzari.
  2548 | D:3      | Reached skill level 1 in Stealth
  2703 | D:3      | Reached skill level 4 in Short Blades
  2703 | D:3      | Gained mutation: You regenerate magic rapidly. [demonic
                  | ancestry]
  2703 | D:3      | Reached XP level 4. HP: 33/33 MP: 4/4
  2777 | D:3      | Found Ommy's Jewellery Shop.
  2962 | D:3      | Found a hazy altar of Hepliaklqana.
  3716 | D:4      | Reached XP level 5. HP: 36/38 MP: 5/5
  3777 | D:4      | Noticed a black bear
  3789 | D:4      | Slain by a black bear

Illustrated notes

Levels and vault maps discovered:
D:1:      dpeg_arrival_round_b, layout_basic, eino_curves_02,
          chequers_serial_rivers_room_b
D:2:      layout_loops_corners, ebering_ecumenical_altar_mist, basic_altar,
          st_stairs_8, chequers_arboretum
D:3:      corexii_shack_village, layout_basic, ashenzari_altar_1,
          grunt_temple_overflow_diamond, serial_shops, nicolae_shop_waterfront,
          kennysheep_generic_room_2
D:4:      layout_loops_ring, guppyfry_early_lair_pool

Skill      XL: |  1  2  3  4 |
---------------+-------------+-----
Short Blades   | 3 4 |  4.6
Dodging        | 3 |  3.0
Stealth        | 1 2 |  2.1
Fighting       | |  2.0
Throwing       | |  1.7

Action                     |  1- 3 |  4- 6 || total
---------------------------+-------+-------++-------
  Melee: Rapier            |   181 |   107 ||   288
         Punch             |     1 |     1 ||     2
  Throw: Dart              |     1 |       ||     1
    Use: Scroll            |     5 |     4 ||     9
         Potion            |       |     2 ||     2
   Stab: Sleeping          |       |     1 ||     1
 Armour: Leather armour    |    16 |       ||    16
         Ring mail         |    60 |    44 ||   104
         Skin              |     1 |       ||     1
  Dodge: Dodged            |   106 |    65 ||   171

Table legend: (Time is in decaauts)
 A = Elapsed time spent in this place.
 B = Non-inter-level travel time spent in this place.
 C = Inter-level travel time spent in this place.
 D = Time resting spent in this place.
 E = Time spent auto-exploring this place.
 F = Levels seen in this place.
 G = Mean time per level.
                   A        B        C        D        E       F      G
               +--------+--------+--------+--------+--------+-----+--------+
         Total |   3802 |   3251 |    551 |     91 |   2322 |   4 |  950.5 |
       Dungeon |   3802 |   3251 |    551 |     91 |   2322 |   4 |  950.5 |
               +--------+--------+--------+--------+--------+-----+--------+

Top non-repeatable levels by time:
     D:1: 1392 daAuts
     D:3: 1235 daAuts
     D:2: 1131 daAuts
     D:4: 42 daAuts
